[Event "Titled Tuesday Blitz December 20 Early 2022"]
[White "KerryStead"]
[Black "Sunny_Star"]
[WhiteElo "2033"]
[BlackElo "2241"]
[Result "0-1"]
[Round "09"]
[TimeControl "180+2"]
[Date "2022.12.20"]
[WhiteClock "0:00:57"]
[BlackClock "0:01:30"]

1. d4 Nf6 2. f3 d5 3. e4 dxe4 4. Nc3 exf3 5. Nxf3 Bg4 6. h3 Bf5 7. Bc4 e6 8. O-O Bd6 9. Ng5 O-O 10. g4 Bg6 11. Rxf6 Qxf6 12. Nce4 Bxe4 13. Nxe4 Qh4 14. Qf3 Qd8 15. Nxd6 Qxd6 16. c3 Nc6 17. Bf4 e5 18. Bg3 Kh8 19. Re1 f6 20. dxe5 Qc5+ 21. Kh2 Qxc4 22. exf6 Rxf6 23. Qe3 Raf8 24. b3 Qf7 25. g5 Rf3 26. Qe4 Qh5 27. Qg4 Qxg4 28. hxg4 Rxc3 29. Bxc7 Nd4 30. Bd6 Nf3+ 0-1


[Site "https://www.chess.com"]

[Event "Titled Tuesday Blitz December 20 Early 2022"]
[White "Kirillov-Dmitry"]
[Black "Wild, Achim"]
[BlackFideId "4658728"]
[WhiteElo "2444"]
[BlackElo "2265"]
[Result "1-0"]
[Round "09"]
[TimeControl "180+2"]
[Date "2022.12.20"]
[WhiteClock "0:00:04"]
[BlackClock "0:00:02"]

1. d4 Nf6 2. c4 e6 3. Nf3 d5 4. g3 a6 5. cxd5 exd5 6. Bg2 Be7 7. O-O O-O 8. Qc2 c6 9. Nc3 Nbd7 10. Rd1 Re8 11. Bf4 Nf8 12. Ne5 Ng6 13. e3 Bf8 14. Rac1 Nd7 15. Nxg6 hxg6 16. e4 dxe4 17. Nxe4 Nf6 18. Nc3 Bg4 19. Rd2 Bd6 20. Bg5 Qa5 21. Bxf6 gxf6 22. d5 c5 23. Qa4 Qc7 24. Qxg4 f5 25. Qd1 b5 26. b3 Re5 27. Re2 f6 28. Rxe5 fxe5 29. Qd2 Kg7 30. Re1 Re8 31. h4 Qa5 32. Ne4 Qxd2 33. Nxd2 e4 34. f4 Rd8 35. Kf2 Bf8 36. Ke3 Rxd5 37. Bf1 Be7 38. Rc1 Bf6 39. Nb1 Bd4+ 40. Ke2 Rd6 41. Rd1 Kf6 42. Na3 Rb6 43. Nc2 Bc3 44. Ke3 a5 45. Rd5 Rc6 46. Bxb5 Rb6 47. Bc4 a4 48. Rxc5 axb3 49. axb3 Bb2 50. Rd5 Bc1+ 51. Ke2 Rc6 52. Ne3 1-0


[Site "https://www.chess.com"]

[Event "Titled Tuesday Blitz December 20 Early 2022"]
[White "Klose, Eli"]
[Black "RamonManon0g"]
[WhiteFideId "16242955"]
[WhiteElo "1519"]
[BlackElo "2372"]
[Result "1-0"]
[Round "09"]
[TimeControl "180+2"]
[Date "2022.12.20"]
[WhiteClock "0:02:03"]
[BlackClock "0:01:10"]

1. e4 c5 2. Nc3 d6 3. g3 Nf6 4. d3 e5 5. f4 Be7 6. Bg2 O-O 7. Nf3 Nc6 8. O-O Bg4 9. h3 Bxf3 10. Qxf3 Nd4 11. Qf2 Qd7 12. Be3 Rab8 13. g4 exf4 14. Bxf4 b5 15. g5 Nh5 16. Be3 Ne6 17. Qh4 g6 18. Nd5 Bd8 19. Nf6+ Nxf6 20. gxf6 Re8 21. Qh6 Kh8 22. Rf4 Rg8 23. Qxh7+ Kxh7 24. Rh4# 1-0


[Site "https://www.chess.com"]

[Event "Titled Tuesday Blitz December 20 Early 2022"]
[White "Korchmar_Vasiliy"]
[Black "Bilandani, Vansh"]
[BlackFideId "8511292"]
[WhiteElo "2703"]
[BlackElo "2488"]
[Result "1/2-1/2"]
[Round "09"]
[TimeControl "180+2"]
[Date "2022.12.20"]
[WhiteClock "0:00:03"]
[BlackClock "0:00:08"]

1. e4 c6 2. d4 d5 3. e5 c5 4. dxc5 e6 5. Nf3 Bxc5 6. Bd3 Ne7 7. O-O Nbc6 8. a3 Ng6 9. b4 Bb6 10. Re1 Bd7 11. Nbd2 Nd4 12. Bb2 Nxf3+ 13. Qxf3 Qg5 14. Nb3 Nh4 15. Qg3 Qxg3 16. hxg3 Ng6 17. a4 a6 18. Nc5 Bxc5 19. bxc5 Bc6 20. Bd4 Rc8 21. f4 Ne7 22. Kf2 g6 23. g4 Kd7 24. Rh1 h5 25. gxh5 gxh5 26. Rh4 Ng6 27. Bxg6 fxg6 28. a5 Rhf8 29. Ke3 Rf5 30. g4 hxg4 31. Rh7+ Ke8 32. Rg1 Rf7 33. Rh6 Rg7 34. Rxg4 Kf7 35. f5 exf5 36. e6+ Kxe6 37. Rgxg6+ Rxg6 38. Rxg6+ Kf7 39. Rf6+ Ke7 40. Kf4 Rg8 41. Rh6 Rg4+ 42. Ke3 Re4+ 43. Kd3 f4 44. Bf2 Bb5+ 45. Kc3 Bc6 46. Bh4+ Kf7 47. Bg5 f3 48. Rf6+ Kg7 49. Rxf3 Rc4+ 50. Kb3 Rxc5 51. Bf6+ Kg6 52. Bc3 Rc4 53. Rf1 Rc5 54. Rf2 Rc4 55. Bb4 Kg5 56. c3 Kg4 57. Rf7 Rf4 58. Rg7+ Kf3 59. Bc5 Ke2 60. Bd4 Kd3 61. Rg3+ Ke2 62. Rg2+ Kf3 63. Rf2+ Ke4 64. Re2+ Kf5 65. Re7 Re4 66. Rf7+ Kg4 67. Rg7+ Kf3 68. Kb4 Ke2 69. Rg2+ Kd3 70. Rg3+ Kc2 71. Rg2+ Kd3 72. Kc5 Re2 73. Rg3+ Kc2 74. Kb6 Kb3 75. Rg6 Kc4 76. Rg3 Rb2+ 77. Kc7 Rb5 78. Bb6 Rb3 79. Bd4 Ra3 80. Kb6 Rb3+ 81. Kc7 Rb5 82. Bb6 Rb3 83. Bd4 1/2-1/2


[Site "https://www.chess.com"]

[Event "Titled Tuesday Blitz December 20 Early 2022"]
[White "Kotofeyca"]
[Black "AnaKuchava"]
[WhiteElo "2372"]
[BlackElo "2212"]
[Result "0-1"]
[Round "09"]
[TimeControl "180+2"]
[Date "2022.12.20"]
[WhiteClock "0:00:33"]
[BlackClock "0:00:16"]

1. d4 d5 2. c4 e6 3. Nc3 Be7 4. Nf3 Nf6 5. cxd5 exd5 6. Bg5 c6 7. Qc2 g6 8. e3 Bf5 9. Bd3 Bxd3 10. Qxd3 O-O 11. O-O Nbd7 12. Rab1 a5 13. a3 Re8 14. Rfc1 Ne4 15. Bf4 Bf8 16. Na4 b5 17. Nc3 Nb6 18. Ne5 Rc8 19. f3 Nd6 20. e4 dxe4 21. fxe4 Ndc4 22. a4 Nxe5 23. Bxe5 Rxe5 24. axb5 cxb5 25. Nxb5 Rxc1+ 26. Rxc1 Bb4 27. Rc6 Rg5 28. e5 Rxe5 29. Nc7 Re1+ 30. Kf2 Qh4+ 31. Kf3 Qh5+ 32. Kg3 Qg5+ 33. Kf2 Qf4+ 34. Qf3 Qxd4+ 35. Kg3 Re3 36. Rf6 Rxf3+ 37. Rxf3 Bd6+ 38. Kh3 Bxc7 39. b3 h5 40. g4 Qxg4# 0-1


[Site "https://www.chess.com"]

[Event "Titled Tuesday Blitz December 20 Early 2022"]
[White "Larochelle, Martial"]
[Black "DIMONBANAN"]
[WhiteFideId "2016311"]
[WhiteElo "2039"]
[BlackElo "2416"]
[Result "0-1"]
[Round "09"]
[TimeControl "180+2"]
[Date "2022.12.20"]
[WhiteClock "0:01:17"]
[BlackClock "0:00:15"]

1. d4 d5 2. c4 e6 3. Nf3 Nf6 4. g3 dxc4 5. Bg2 c5 6. O-O Nc6 7. dxc5 Qxd1 8. Rxd1 Bxc5 9. Nbd2 c3 10. bxc3 O-O 11. Nb3 Be7 12. c4 Rd8 13. Bb2 Bd7 14. Nfd4 Rac8 15. Rac1 a6 16. h3 Kf8 17. g4 h6 18. e3 Ne8 19. f4 Nxd4 20. exd4 Bc6 21. d5 exd5 22. cxd5 Ba4 23. Rxc8 Rxc8 24. Rd4 Bxb3 25. axb3 Bc5 26. Kf2 Bxd4+ 27. Bxd4 Rc2+ 28. Kg3 Nd6 29. f5 f6 30. h4 Ke7 31. g5 Nxf5+ 32. Kf4 Nxd4 33. Ke4 Rxg2 34. Kd3 hxg5 35. Kc4 gxh4 36. b4 h3 37. b5 axb5+ 38. Kc5 h2 39. d6+ Kd7 40. Kb6 h1=Q 41. Kc5 Qc1+ 42. Kb4 Rb2+ 43. Ka5 Qa1+ 44. Kb6 Qa6+ 45. Kc5 Qc6+ 46. Kxd4 Qxd6+ 47. Kc3 Rb4 48. Kc2 g5 49. Kc3 g4 50. Kc2 g3 51. Kc3 g2 52. Kc2 g1=Q 53. Kc3 Qgg3+ 54. Kc2 f5 55. Kc1 f4 56. Kc2 f3 57. Kc1 f2 58. Kc2 Rc4+ 59. Kb2 f1=Q 60. Ka2 Qff3 61. Kb2 Rh4 62. Ka2 b4 63. Kb2 b3 64. Kb1 Qe1+ 65. Kb2 Qfe2+ 66. Kxb3 Qdb4# 0-1


[Site "https://www.chess.com"]

[Event "Titled Tuesday Blitz December 20 Early 2022"]
[White "Legendinunknown"]
[Black "Sadykov_Ramil"]
[WhiteElo "2731"]
[BlackElo "2546"]
[Result "1-0"]
[Round "09"]
[TimeControl "180+2"]
[Date "2022.12.20"]
[WhiteClock "0:00:56"]
[BlackClock "0:00:01"]

1. d4 Nf6 2. c4 g6 3. Nc3 d5 4. h4 h6 5. cxd5 Nxd5 6. e4 Nxc3 7. bxc3 Bg7 8. Bc4 c5 9. Ne2 Nc6 10. Be3 O-O 11. f3 cxd4 12. cxd4 Qa5+ 13. Kf2 Rd8 14. Rc1 e6 15. h5 g5 16. Rc2 Bd7 17. Qc1 Be8 18. Rd1 Rac8 19. Bb3 Bf8 20. d5 exd5 21. Rxd5 Qa3 22. Bxg5 hxg5 23. Qxg5+ Kh8 24. Rxd8 Rxd8 25. Rxc6 Bxc6 26. Qxd8 Qc5+ 27. Qd4+ Qxd4+ 28. Nxd4 Bc5 29. Ke3 Kg7 30. g4 f6 31. Kd3 Bd7 32. Ne6+ Bxe6 33. Bxe6 Kh6 34. f4 Bd6 35. Ke3 Bc5+ 36. Kf3 a5 37. Bd7 b6 38. Be8 Bd4 39. e5 fxe5 40. g5+ Kg7 41. f5 Bc3 42. h6+ Kh7 43. Bg6+ Kh8 44. f6 Bb4 45. Bd3 Bf8 46. Kg4 a4 47. Kf5 a3 48. Kxe5 Kg8 49. Ke6 Bc5 50. g6 Bf8 51. f7+ Kh8 52. g7+ 1-0


[Site "https://www.chess.com"]

[Event "Titled Tuesday Blitz December 20 Early 2022"]
[White "Leon-Black"]
[Black "Benamar, Benious"]
[BlackFideId "45118841"]
[WhiteElo "2634"]
[BlackElo "1136"]
[Result "1-0"]
[Round "09"]
[TimeControl "180+2"]
[Date "2022.12.20"]
[WhiteClock "0:00:27"]
[BlackClock "0:00:06"]

1. e4 a6 2. d4 b6 3. Nc3 c6 4. f4 d6 5. Nf3 e6 6. Bd3 f6 7. O-O g6 8. Kh1 Ne7 9. Qe2 h6 10. a4 Bg7 11. Bd2 O-O 12. Nd1 Nd7 13. c4 Bb7 14. Nc3 Kh7 15. h4 h5 16. f5 exf5 17. exf5 Nxf5 18. Bxf5 gxf5 19. Bf4 Re8 20. Qd3 Nf8 21. Qxf5+ Kg8 22. Qxh5 Qd7 23. Rae1 d5 24. cxd5 cxd5 25. Nh2 Qf7 26. Qf5 Qg6 27. Qh3 Rxe1 28. Rxe1 Re8 29. Rf1 Qc2 30. h5 Ne6 31. Re1 Bc8 32. h6 Bh8 33. Qh5 Bd7 34. Qxd5 Kf8 35. Qxd7 1-0


[Site "https://www.chess.com"]

[Event "Titled Tuesday Blitz December 20 Early 2022"]
[White "Liaqat, Ali ISB"]
[Black "Fera, Aryanti"]
[WhiteFideId "7807058"]
[BlackFideId "7118988"]
[WhiteElo "1927"]
[BlackElo "1770"]
[Result "1-0"]
[Round "09"]
[TimeControl "180+2"]
[Date "2022.12.20"]
[WhiteClock "0:00:12"]
[BlackClock "0:00:06"]

1. d4 d5 2. c4 e6 3. Nc3 c5 4. cxd5 cxd4 5. Qa4+ Bd7 6. Qxd4 exd5 7. Qxd5 Nf6 8. Qd1 Bc5 9. Nf3 O-O 10. e3 Qe7 11. Be2 Nc6 12. O-O Ne5 13. Nd4 Nc6 14. a3 Rfd8 15. b4 Bb6 16. Bf3 Ne5 17. Be2 Nc6 18. Bf3 Ne5 19. Bb2 Nxf3+ 20. Qxf3 Bg4 21. Qg3 Bxd4 22. exd4 Rxd4 23. Nb5 Nh5 24. Qc3 Rd7 25. h3 Be2 26. Rfe1 Qg5 27. Nd4 Nf4 28. Qg3 Qxg3 29. fxg3 Nd3 30. Rxe2 Nxb2 31. Nf5 Nc4 32. Rae1 Kf8 33. a4 g6 34. Nh4 a5 35. Re4 Nb6 36. b5 Rc8 37. Nf3 Rdc7 38. g4 Rc4 39. Re7 R8c7 40. Re8+ Kg7 41. g5 Rxa4 42. Ne5 h5 43. gxh6+ Kxh6 44. Rb8 Kg7 45. Ng4 Nd7 46. Rd8 Nf6 47. Ne5 Re4 48. Rxe4 Nxe4 49. b6 Re7 50. Nc4 Nc5 51. Rc8 Na4 52. Ra8 Re4 53. Nxa5 Nxb6 54. Rb8 Nd5 55. Rxb7 Nf4 56. Rb2 Re1+ 57. Kh2 Nd3 58. Rd2 Ne5 59. Nb3 g5 60. Nd4 Re4 61. Nf5+ Kg6 62. Ng3 Re3 63. Rd6+ f6 64. Rd2 Nc4 65. Rf2 Nd6 66. Rd2 Nf7 67. Nf1 Re1 68. Ng3 Ne5 69. Re2 Rc1 70. Ne4 Rc4 71. Nd6 Rd4 72. Ne4 Rd3 73. Nc5 Ra3 74. Ne4 Ra4 75. Nc5 Rc4 76. Ne4 Nd3 77. Ng3 Nf4 78. Rf2 Rb4 79. Ne2 Nd5 80. Rf3 Rb2 81. Rd3 Ne7 82. Ng3 Nc6 83. Rd6 Ne5 84. Ne4 Nf3+ 85. Kg3 Nh4 86. Rxf6+ Kh5 87. Rf2 Rxf2 88. Kxf2 Ng6 89. Kg3 Nf4 90. Nf2 Ne2+ 91. Kf3 Nc3 92. Nd3 Kg6 93. Kg4 Ne4 94. Ne5+ Kh6 95. Nf3 Kg6 96. Ne5+ Kh6 97. Kf5 Nd6+ 98. Ke6 Ne4 99. Kf5 Nd6+ 100. Kf6 Ne4+ 101. Ke6 Nf2 102. Kf5 Nd1 103. Nf7+ Kh5 104. g4+ Kh4 105. Nxg5 Ne3+ 106. Kg6 Ng2 107. Ne6 Kxh3 108. g5 Nh4+ 109. Kh5 Nf5 110. g6 Ne7 111. g7 Ng8 112. Kg5 Kg3 113. Nf4 Kf3 114. Nh5 Ne7 115. Kf6 Ng8+ 116. Kf7 Nh6+ 117. Kg6 Ng8 118. Nf6 Ne7+ 119. Kg5 Ke3 120. Nd5+ Nxd5 121. g8=Q Nc3 122. Qe6+ Ne4+ 123. Kf5 Kd4 124. Qxe4+ Kc3 125. Ke5 Kd2 126. Qg2+ Kc1 127. Ke4 1-0


[Site "https://www.chess.com"]

[Event "Titled Tuesday Blitz December 20 Early 2022"]
[White "Liyanage, Ranindu Dilshan"]
[Black "Giorno, Sven"]
[WhiteFideId "9915834"]
[BlackFideId "20645082"]
[WhiteElo "2342"]
[BlackElo "2517"]
[Result "1-0"]
[Round "09"]
[TimeControl "180+2"]
[Date "2022.12.20"]
[WhiteClock "0:00:37"]
[BlackClock "0:00:11"]

1. e4 e5 2. Nf3 Nf6 3. Nc3 Nc6 4. h3 Bc5 5. Nxe5 Nxe5 6. d4 Bb4 7. dxe5 Nxe4 8. Qf3 d5 9. Be2 O-O 10. O-O Bxc3 11. bxc3 f6 12. exf6 Qxf6 13. Qxf6 Rxf6 14. c4 Nc3 15. Bd3 dxc4 16. Bxc4+ Be6 17. Bd3 Bf5 18. Bc4+ Be6 19. Bd3 Bf5 20. Bb2 Bxd3 21. cxd3 Ne2+ 22. Kh2 Rd6 23. Rfe1 Nd4 24. Re7 Rc8 25. Rc1 c5 26. Rxb7 a6 27. Re1 Re6 28. Rxe6 Nxe6 29. Rb6 Kf7 30. Rxa6 Rd8 31. Ra7+ Kf8 32. Ra3 Nf4 33. Rc3 Nxd3 34. Ba3 Kf7 35. Bxc5 Ne5 36. Be3 Ra8 37. a3 Ra4 38. Rc7+ Ke6 39. Ra7 Rxa7 40. Bxa7 Kd5 41. a4 Nc6 42. Bb6 Kc4 43. a5 Kb5 44. Kg3 Nxa5 45. Bxa5 Kxa5 46. Kf4 Kb6 47. Ke5 Kc5 48. f4 Kc4 49. g4 Kd3 50. g5 Ke3 51. f5 Kf3 52. f6 1-0


[Site "https://www.chess.com"]

[Event "Titled Tuesday Blitz December 20 Early 2022"]
[White "Luks, Artur"]
[Black "Iskusnyh, Sergei"]
[WhiteFideId "21808856"]
[BlackFideId "4120027"]
[WhiteElo "1577"]
[BlackElo "2440"]
[Result "0-1"]
[Round "09"]
[TimeControl "180+2"]
[Date "2022.12.20"]
[WhiteClock "0:00:34"]
[BlackClock "0:01:23"]

1. e4 e6 2. d4 d5 3. Nc3 Nf6 4. Bg5 dxe4 5. Nxe4 Nbd7 6. Nf3 h6 7. Nxf6+ Nxf6 8. Be3 Bd6 9. Qd2 Nd5 10. O-O-O Qf6 11. c4 Nxe3 12. fxe3 c5 13. Bd3 Bd7 14. Rhf1 Qe7 15. Qc3 O-O-O 16. Qb3 Bc6 17. dxc5 Bxc5 18. Ne5 Bxg2 19. Rxf7 Qg5 20. Kb1 Qxe5 21. Rg1 Rxd3 0-1


[Site "https://www.chess.com"]

[Event "Titled Tuesday Blitz December 20 Early 2022"]
[White "Malich, Burkhard, Dr."]
[Black "ChessShop"]
[WhiteFideId "4611330"]
[WhiteElo "2323"]
[BlackElo "2502"]
[Result "0-1"]
[Round "09"]
[TimeControl "180+2"]
[Date "2022.12.20"]
[WhiteClock "0:00:14"]
[BlackClock "0:00:33"]

1. d4 d6 2. e4 Nf6 3. Nc3 e5 4. Nf3 exd4 5. Nxd4 Be7 6. g3 O-O 7. Bg2 Re8 8. O-O Nbd7 9. Re1 Ne5 10. h3 c6 11. f4 Ng6 12. Be3 Bf8 13. Qd2 Qc7 14. Rad1 Bd7 15. a4 Rad8 16. Qf2 h5 17. Nb3 b6 18. a5 c5 19. axb6 axb6 20. Nd2 Bc6 21. Nd5 Bxd5 22. exd5 b5 23. c4 bxc4 24. Nxc4 Ne4 25. Qf3 h4 26. g4 Ng3 27. Bf2 Rxe1+ 28. Rxe1 Rb8 29. Bxg3 hxg3 30. Qxg3 Rb4 31. Bf1 Qb8 32. h4 Rb3 33. Qf2 Qb4 34. h5 Nxf4 35. Re4 Nxd5 36. Nxd6 Bxd6 37. Rxb4 Rxb4 38. Qf3 Nf6 39. Bh3 Bf4 40. b3 Rd4 41. Kh1 Kh7 42. Bf1 Kh6 43. Bd3 Kg5 44. Kg2 Nxg4 45. Bc4 Rd2+ 46. Kh3 Rh2# 0-1


[Site "https://www.chess.com"]

[Event "Titled Tuesday Blitz December 20 Early 2022"]
[White "Manukyan_Artak"]
[Black "Lasinika, M M D"]
[BlackFideId "9974555"]
[WhiteElo "2560"]
[BlackElo "1072"]
[Result "1-0"]
[Round "09"]
[TimeControl "180+2"]
[Date "2022.12.20"]
[WhiteClock "0:01:13"]
[BlackClock "0:00:06"]

1. e4 e6 2. d4 d5 3. e5 c5 4. c3 Nc6 5. Nf3 Qb6 6. a3 c4 7. Nbd2 Na5 8. Rb1 Bd7 9. h4 Ne7 10. g4 Nec6 11. Bh3 O-O-O 12. Ng5 Be8 13. f4 h6 14. Ngf3 Be7 15. Kf2 g6 16. Kg3 Bd7 17. Re1 f6 18. exf6 Bxf6 19. Ne5 Nxe5 20. fxe5 Be7 21. Nf3 Rdf8 22. Be3 Qd8 23. Qd2 Nb3 24. Qe2 Rf7 25. g5 hxg5 26. Nxg5 Bxg5 27. Bxg5 Qg8 28. Rf1 Rhh7 29. Rf6 Rxf6 30. exf6 Qf8 31. Re1 Qd6+ 32. Qe5 Kc7 33. Qxd6+ Kxd6 34. Bf4+ Kc6 35. Bxe6 b5 36. f7 Rh8 37. Bxd7+ Kxd7 38. Bh6 Rxh6 39. f8=Q 1-0


[Site "https://www.chess.com"]

[Event "Titled Tuesday Blitz December 20 Early 2022"]
[White "MathiasWomacka"]
[Black "Tarno, Brian"]
[BlackFideId "10833820"]
[WhiteElo "2562"]
[BlackElo "2169"]
[Result "1-0"]
[Round "09"]
[TimeControl "180+2"]
[Date "2022.12.20"]
[WhiteClock "0:00:07"]
[BlackClock "0:00:02"]

1. e4 c5 2. Nf3 e6 3. d4 cxd4 4. Nxd4 a6 5. Bd3 Bc5 6. Nb3 Be7 7. Qg4 g6 8. Qe2 d6 9. O-O Nd7 10. a4 b6 11. Na3 Qc7 12. Nc4 Bb7 13. a5 b5 14. Nb6 Nxb6 15. axb6 Qxb6 16. Na5 h5 17. b4 Nf6 18. c4 bxc4 19. Bxc4 Kf8 20. Bb2 Kg7 21. Nxb7 Qxb7 22. Bxa6 Qxb4 23. e5 dxe5 24. Ba3 Qf4 25. Bxe7 Ng4 26. g3 Qf5 27. Bd3 e4 28. Bxe4 Qe5 29. Rxa8 Rxa8 30. Bf3 Qxe2 31. Bxe2 Ne5 32. Bc5 Ra2 33. Bd4 Rxe2 34. f4 f6 35. fxe5 fxe5 36. Bc3 g5 37. Re1 Rc2 38. Bxe5+ Kg6 39. Bd4 Kf5 40. Re5+ Kg4 41. Rxe6 Rc1+ 42. Kg2 Rc2+ 43. Bf2 h4 44. Re4+ Kh5 45. gxh4 gxh4 46. Rxh4+ Kg5 47. Rd4 Kh5 48. Kg3 Rc3+ 49. Kg2 Kg5 50. Re4 Kh5 51. Re3 Rc2 52. Kg3 Rc4 53. Re5+ Kh6 54. Be3+ Kg6 55. h4 Rc3 56. Kg4 Kf6 57. Re4 Kg6 58. Bd4 Rc4 59. h5+ Kh7 60. Re7+ Kg8 61. Rd7 1-0


[Site "https://www.chess.com"]

[Event "Titled Tuesday Blitz December 20 Early 2022"]
[White "MatthewG-p4p"]
[Black "Beca, Rodrigo Martins"]
[BlackFideId "1954490"]
[WhiteElo "2825"]
[BlackElo "2976"]
[Result "1-0"]
[Round "09"]
[TimeControl "180+2"]
[Date "2022.12.20"]
[WhiteClock "0:00:06"]
[BlackClock "0:00:07"]

1. e4 c5 2. c3 d5 3. exd5 Nf6 4. d4 Nxd5 5. Nf3 e6 6. Bc4 Nc6 7. O-O Be7 8. dxc5 Bxc5 9. Qe2 O-O 10. Nbd2 Nf4 11. Qe4 Bd6 12. Bb3 f5 13. Qe3 Nd5 14. Qe2 Bc7 15. Nc4 Qf6 16. Re1 f4 17. Qe4 Nce7 18. Nce5 Qf5 19. Qe2 Qh5 20. c4 Nb4 21. Bd2 Nbc6 22. Bc3 Ng6 23. Nxg6 hxg6 24. Rad1 g5 25. Ne5 Qxe2 26. Rxe2 Bxe5 27. Bxe5 Rf5 28. Bc3 g4 29. Rd6 Kf7 30. Bc2 Rh5 31. Be4 Rc5 32. b3 Ke7 33. Red2 g5 34. Bb2 Nb4 35. Ba3 a5 36. f3 gxf3 37. gxf3 Rc7 38. Rb6 Kf7 39. Bb2 Nc6 40. Rb5 Bd7 41. Rxg5 Rg8 42. Rdg2 Rxg5 43. Rxg5 e5 44. Bxe5 Nxe5 45. Rxe5 a4 46. Bd5+ Kf6 47. Re4 axb3 48. axb3 Kg6 49. Rxf4 Bf5 50. Kf2 Kg5 51. Rd4 Kf6 52. h4 Ke5 53. Rd1 Rh7 54. Rh1 Bg6 55. Ke3 Bh5 56. f4+ Kd6 57. Kd4 b6 58. b4 Rg7 59. c5+ Kc7 60. Ra1 bxc5+ 61. bxc5 Rg4 62. Ra7+ Kb8 63. Ra8+ Kc7 64. Ke5 Rxh4 65. Ra7+ Kb8 66. Rh7 Rh3 67. Kd6 Bg4 68. Rxh3 Bxh3 69. Be6 1-0


[Site "https://www.chess.com"]

[Event "Titled Tuesday Blitz December 20 Early 2022"]
[White "Mekhitarian, Krikor Sevag"]
[Black "Makswolf200817"]
[WhiteFideId "2107660"]
[WhiteElo "2604"]
[BlackElo "2651"]
[Result "0-1"]
[Round "09"]
[TimeControl "180+2"]
[Date "2022.12.20"]
[WhiteClock "0:00:01"]
[BlackClock "0:00:12"]

1. Nf3 d5 2. c4 e6 3. e3 Nf6 4. Nc3 c5 5. cxd5 exd5 6. d4 Nc6 7. Bb5 a6 8. Bxc6+ bxc6 9. O-O Be7 10. dxc5 Bxc5 11. b3 O-O 12. Bb2 Bg4 13. Rc1 Bd6 14. h3 Bh5 15. Ne2 Bxf3 16. gxf3 Rc8 17. f4 Ne4 18. Qd4 Nf6 19. Ng3 Qd7 20. Kh2 Kh8 21. Qxf6 gxf6 22. Bxf6+ Kg8 23. Rg1 Rfd8 24. Nf5+ Kf8 25. Rg5 Qc7 26. Rcg1 Ke8 27. Rg7 Bxf4+ 28. Kh1 Be5 29. Bxe5 Qxe5 30. Nh6 Qf6 31. Rg8+ Ke7 0-1


[Site "https://www.chess.com"]

[Event "Titled Tuesday Blitz December 20 Early 2022"]
[White "Michels, Achim"]
[Black "profofchess"]
[WhiteFideId "4677889"]
[WhiteElo "2163"]
[BlackElo "2442"]
[Result "0-1"]
[Round "09"]
[TimeControl "180+2"]
[Date "2022.12.20"]
[WhiteClock "0:00:15"]
[BlackClock "0:00:20"]

1. e4 c5 2. Nf3 e6 3. d4 cxd4 4. Nxd4 Nc6 5. Nc3 Qc7 6. Be2 Nf6 7. f4 Nxd4 8. Qxd4 Bc5 9. Qd3 a6 10. Bf3 d6 11. Be3 Bxe3 12. Qxe3 Bd7 13. O-O-O Bc6 14. Qd4 O-O-O 15. Kb1 Kb8 16. Rhe1 h5 17. Qe3 Ng4 18. Qg1 Qa5 19. h3 Nf6 20. Qe3 h4 21. Ne2 d5 22. e5 d4 23. Nxd4 Bxf3 24. Nxf3 Nd5 25. Qe4 Qb6 26. Qd4 Qc6 27. Ng5 Rc8 28. Qc3 Nxc3+ 0-1


[Site "https://www.chess.com"]

[Event "Titled Tuesday Blitz December 20 Early 2022"]
[White "Midgardsormur"]
[Black "Salomez, Maxime"]
[BlackFideId "652079600"]
[WhiteElo "2460"]
[BlackElo "1359"]
[Result "1-0"]
[Round "09"]
[TimeControl "180+2"]
[Date "2022.12.20"]
[WhiteClock "0:00:38"]
[BlackClock "0:00:03"]

1. e4 c5 2. Nc3 e6 3. Nge2 Nc6 4. g3 Nge7 5. Bg2 Nd4 6. Nxd4 cxd4 7. Ne2 Nc6 8. O-O Be7 9. c3 Qb6 10. d3 O-O 11. cxd4 Nxd4 12. Be3 Nxe2+ 13. Qxe2 Qa6 14. Rfc1 d6 15. a3 e5 16. Rc7 Bd8 17. Rc3 Be6 18. Rac1 Ba5 19. b4 Bb6 20. f4 Rac8 21. f5 Rxc3 22. Rxc3 Rc8 23. Rxc8+ Bxc8 24. Bxb6 Qxb6+ 25. Kh1 Qc7 26. Qd2 h6 27. h4 b6 28. Kh2 a5 29. bxa5 bxa5 30. d4 Bb7 31. dxe5 dxe5 32. f6 Qc6 33. Qd8+ Kh7 34. fxg7 Kxg7 35. Qxa5 Qf6 36. Qb5 1-0


[Site "https://www.chess.com"]

[Event "Titled Tuesday Blitz December 20 Early 2022"]
[White "Mikhail_Bryakin"]
[Black "szachuspl"]
[WhiteElo "2765"]
[BlackElo "2642"]
[Result "0-1"]
[Round "09"]
[TimeControl "180+2"]
[Date "2022.12.20"]
[WhiteClock "0:00:24"]
[BlackClock "0:00:21"]

1. d4 Nf6 2. Nc3 d5 3. Bf4 Bf5 4. f3 e6 5. g4 Bg6 6. h4 h5 7. g5 Ng8 8. e3 Bd6 9. Nh3 Ne7 10. Bd3 Bxd3 11. Qxd3 g6 12. O-O-O Nbc6 13. Kb1 Qd7 14. e4 Bxf4 15. Nxf4 O-O-O 16. exd5 Nxd5 17. Ncxd5 exd5 18. Rhe1 Rhe8 19. c3 Ne7 20. Re5 c6 21. c4 dxc4 22. Qxc4 Nf5 23. Rxe8 Rxe8 24. Qa4 a6 25. d5 c5 26. Qa3 Qd6 27. Nd3 c4 28. Rc1 Qxa3 29. Rxc4+ Kb8 30. bxa3 Rd8 31. Nb4 a5 32. Nc2 Rxd5 33. Kc1 Rd3 34. Rf4 Kc7 35. a4 Kd6 36. a3 b6 37. Kb2 Rd2 38. Kc3 Rh2 39. Nd4 Nxd4 40. Kxd4 Rd2+ 41. Kc4 Ke7 42. Kb5 Rb2+ 43. Kc6 Rb3 44. Rf6 Rxa3 45. Kxb6 Rxa4 46. f4 Ra1 47. Kb5 a4 48. Ra6 a3 49. Kb4 a2 50. Kb3 Rh1 51. Kxa2 Rxh4 52. Ra4 Rh3 53. Kb2 Rf3 54. Kc2 Ke6 55. Ra6+ Kf5 56. Rf6+ Kg4 57. Rxf7 Rxf4 58. Rh7 Kxg5 59. Kd3 h4 60. Ke3 Rf8 61. Rg7 Kh5 62. Ke2 g5 63. Rh7+ Kg4 64. Rb7 h3 65. Rh7 Kg3 66. Ke3 g4 0-1


[Site "https://www.chess.com"]

[Event "Titled Tuesday Blitz December 20 Early 2022"]
[White "Moh, Teng Keong Deon"]
[Black "Nithisker, P"]
[WhiteFideId "5700868"]
[BlackFideId "33434786"]
[WhiteElo "2215"]
[BlackElo "2346"]
[Result "1-0"]
[Round "09"]
[TimeControl "180+2"]
[Date "2022.12.20"]
[WhiteClock "0:00:04"]
[BlackClock "0:00:04"]

1. e4 e5 2. Nc3 Nf6 3. g3 d5 4. exd5 Nxd5 5. Bg2 Nxc3 6. bxc3 Be7 7. Nf3 Bf6 8. O-O O-O 9. Re1 Nd7 10. d4 exd4 11. cxd4 c6 12. a4 a5 13. c4 Nb6 14. Ba3 Re8 15. Rxe8+ Qxe8 16. Qb3 Qd8 17. Rb1 Ra6 18. Bf1 Be6 19. Bc5 Nd7 20. Qxb7 Nxc5 21. dxc5 Bc8 22. Qb8 Be7 23. Ne5 Bxc5 24. Bg2 Ba7 25. Nxc6 Bxb8 26. Nxd8 Bc7 27. Nb7 Rf6 28. Nc5 Bb6 29. Ne4 Re6 30. c5 Bc7 31. Rd1 f5 32. Nd6 Ba6 33. Bd5 Bxd6 34. Bxe6+ Kf8 35. cxd6 Ke8 36. d7+ Kd8 37. Rc1 Be2 38. Rc8+ Ke7 39. d8=Q+ 1-0


[Site "https://www.chess.com"]

[Event "Titled Tuesday Blitz December 20 Early 2022"]
[White "Mohammed, Dilshad"]
[Black "dirk_da_player"]
[WhiteFideId "5050421"]
[WhiteElo "2103"]
[BlackElo "2339"]
[Result "0-1"]
[Round "09"]
[TimeControl "180+2"]
[Date "2022.12.20"]
[WhiteClock "0:00:37"]
[BlackClock "0:01:03"]

1. Nf3 Nf6 2. c4 c6 3. Nc3 d5 4. e3 e6 5. d4 Nbd7 6. Bd3 Bd6 7. a4 O-O 8. O-O dxc4 9. Bxc4 e5 10. Qc2 Qc7 11. Rd1 exd4 12. exd4 Nb6 13. Ba2 Bg4 14. Rd3 Bf5 15. Bg5 Nfd5 16. Nxd5 Nxd5 17. Bxd5 Bxd3 18. Bxf7+ Qxf7 19. Qxd3 Bf4 20. Bh4 Qd5 21. a5 a6 22. Be7 Rfe8 23. Bc5 Rad8 24. g3 Qxc5 25. gxf4 Qd5 26. Rd1 c5 27. Ng5 g6 28. Qh3 Re7 29. Qh4 Rde8 30. f3 cxd4 31. Ne4 Rxe4 32. fxe4 Qxe4 33. Qf6 Qe3+ 0-1


[Site "https://www.chess.com"]

[Event "Titled Tuesday Blitz December 20 Early 2022"]
[White "Mone, Ved"]
[Black "ChessTankMan"]
[WhiteFideId "25666290"]
[WhiteElo "1254"]
[BlackElo "2514"]
[Result "1-0"]
[Round "09"]
[TimeControl "180+2"]
[Date "2022.12.20"]
[WhiteClock "0:01:27"]
[BlackClock "0:01:45"]

1. e4 c5 2. Nf3 e6 3. d4 cxd4 4. Nxd4 a6 5. Bd3 Nf6 6. Nc3 Qc7 7. O-O b5 8. a3 Bb7 9. Kh1 d6 10. f4 Nbd7 11. Be3 Be7 12. Qe2 O-O 13. Rad1 Rac8 14. Nf3 Rfd8 15. Bg1 Nc5 16. e5 Nd5 17. Nxd5 Bxd5 18. exd6 Bxd6 19. Bxc5 Bxc5 20. Ne5 f6 21. Qh5 g6 22. Nxg6 hxg6 23. Bxg6 Qg7 24. Rd3 Qh8 25. Bf7+ Kg7 26. Rg3+ 1-0


[Site "https://www.chess.com"]